 Dungeon Crawl Stone Soup version 0.26.0-10-g1f06aea511 (webtiles) character file.

Game seed: 12706880504024421050

2538 inc the Jinx (level 9, -2/41 HPs)
             Began as a Felid Enchanter on Feb 1, 2021.
             Was a Follower of Uskayaw.
             Slain by an orc knight
             ... wielding a cursed -1 war axe
              (17 damage)
             ... in a bailey.
             The game lasted 00:17:35 (10653 turns).

inc the Jinx (Felid Enchanter)                     Turns: 10653, Time: 00:17:36

Health: -2/41      AC:  2    Str:  4    XL:     9   Next: 30%
Magic:  8/17       EV: 23    Int: 16    God:    Uskayaw [*.....]
Gold:   342        SH:  0    Dex: 20    Spells: 6/18 levels left
                                        Lives:  0   Deaths: 2

rFire    . . .     SeeInvis +     - Unarmed
rCold    + . .     Faith    .   (shield unavailable)
rNeg     . . .     Spirit   .   (armour unavailable)
rPois    .         Reflect  .   (helmet unavailable)
rElec    .         Harm     .   (cloak unavailable)
rCorr    .         Rampage  .   (gloves unavailable)
Will     +....                  (boots unavailable)
Stlth    ++++......             w - amulet of the acrobat
HPRegen  0.13/turn              v - ring of wizardry
MPRegen  0.15/turn              A - ring of protection from cold

@: invisible, quick
A: very small, no armour, no weapons or thrown items, stealth, claws 1, fangs 3,
see invisible, speed 1, shaggy fur 2, sharp paws
a: Renounce Religion, Stomp


You were in a bailey.
You worshipped Uskayaw.
Uskayaw was noncommittal.
You visited 2 branches of the dungeon, and saw 8 of its levels.
You also visited: Bailey.

You collected 342 gold pieces.

Inventory:

Jewellery
 v - a ring of wizardry (left paw)
 w - an amulet of the acrobat (around neck)
 A - a ring of protection from cold (right paw)
Wands
 x - a wand of acid (11)
 y - a wand of enslavement (8)
Scrolls
 a - 2 scrolls of immolation {unknown}
 b - 5 scrolls of teleportation {unknown}
 d - 2 scrolls of fear {unknown}
 g - 5 scrolls of remove curse {unknown}
 n - 2 scrolls of enchant armour {unknown}
 p - a scroll of magic mapping
 s - 2 scrolls of noise {unknown}
 t - a scroll of fog
 u - a scroll of amnesia
Potions
 c - a potion of cancellation
 e - 2 potions of brilliance
 f - a potion of resistance
 i - 6 potions of flight
 j - 3 potions of invisibility
 k - a potion of might
 l - 2 potions of curing
 q - a potion of lignification
 r - a potion of attraction
 z - 2 potions of haste


   Skills:
 - Level 6.0 Fighting
 - Level 6.8 Dodging
 - Level 7.8 Stealth
 - Level 5.0 Unarmed Combat
 - Level 5.1 Spellcasting
 - Level 9.3 Hexes
 - Level 1.7 Ice Magic
 + Level 3.0 Invocations


You had 6 spell levels left.
You knew the following spells:

 Your Spells              Type           Power        Failure   Level
a - Tukima's Dance        Hex            34%          1%          3
b - Ensorcelled Hibernat  Hex/Ice        42%          1%          2
c - Confusing Touch       Hex            34%          1%          3
d - Dazzling Flash        Conj/Hex       38%          2%          3
i - Corona                Hex            37%          1%          1

Your spell library contained the following spells:

 Spells                   Type           Power        Failure   Level
 Animate Skeleton         Necr           8%           6%          1
 Apportation              Tloc           8%           6%          1
 Summon Small Mammal      Summ           16%          6%          1


Dungeon Overview and Level Annotations

Branches:
Dungeon (7/15)             Temple (1/1) D:5          Bailey (1/1)

Altars:
Ashenzari
Cheibriados
Dithmenos
Fedhas
Hepliaklqana
Kikubaaqudgha
Nemelex Xobeh
Okawaru
Qazlal
Sif Muna
Trog
Uskayaw
Vehumet
Wu Jian
Xom
Yredelemnul
Zin
The Shining One


Innate Abilities, Weirdness & Mutations

You cannot wear armour.
You are incapable of wielding weapons or throwing items.
Your paws allow you to move quietly. (Stealth)
You have sharp claws.
You have razor-sharp teeth.
You have supernaturally acute eyesight. (SInv)
You cover ground quickly.
You are covered in thick fur. (AC +2)
Your sharp claws are effective at attacking unaware monsters.


Message History

Aim: an orc knight, wielding a -1 war axe and wearing a +0 scale mail (chance to affect: 33%)
The orc knight easily resists.
Casting: Ensorcelled Hibernation (safe; 1% risk of failure)
Confirm with . or Enter, or press ? or * to list all spells.
Aiming: Ensorcelled Hibernation (safe; 1% risk of failure)
Press: ? - help, Shift-Dir - straight line, f/p - orc knight
Aim: an orc knight, wielding a -1 war axe and wearing a +0 scale mail (chance to affect: 33%)
The orc knight easily resists.
The orc knight hits you with a cursed -1 war axe!!
Ouch! That really hurt!
There is a gate leading back out of this place here.
There is an empty arch of ancient stone here.
Casting: Ensorcelled Hibernation (safe; 1% risk of failure)
Confirm with . or Enter, or press ? or * to list all spells.
You feel much better.
The orc knight hits you with a cursed -1 war axe!!
Ouch! That really hurt!
You fade into invisibility!
The orc knight hits you with a cursed -1 war axe!
You die...

##### #.@.# ###.o.###
#.......# #...∩...#
#.......# #.......#
########.......########
≈≈≈≈≈≈≈.....)...≈≈≈≈≈≈≈
≈≈≈≈≈≈≈≈≈≈..)≈≈≈≈≈≈≈≈≈≈


You could see an orc knight.

Vanquished Creatures
  2 kobold demonologists (Bailey)
  Sigmund (D:3)
  10 orc warriors
  A black bear (D:5)
  A phantom (D:7)
  2 centaurs
  2 ogres
  2 bullfrogs
  A scorpion (D:6)
  A bullfrog zombie (D:6)
  A hound (D:6)
  5 orc priests
  5 orc wizards
  Natasha (thrice) (D:3)
  8 worker ants
  6 gnolls
  8 adders
  A shadow imp (D:6)
  2 white imps (D:5)
  An adder zombie (D:6)
  2 adder skeletons
  3 worms
  2 dart slugs (D:1)
  5 leopard geckos
  26 orcs
  4 bats
  4 giant cockroaches
  12 goblins
  13 hobgoblins
  12 jackals
  7 kobolds
  3 quokkas
  3 ball pythons
  8 frilled lizards
  7 rats
174 creatures vanquished.

Notes
Turn   | Place    | Note
-------+----------+-------------------------------------------
     0 | D:1      | inc the Felid Enchanter began the quest for the Orb.
     0 | D:1      | Reached XP level 1. HP: 7/7 MP: 4/4
   552 | D:1      | Reached XP level 2. HP: 11/11 MP: 6/6
   555 | D:1      | Learned a level 2 spell: Ensorcelled Hibernation
  1270 | D:2      | Reached XP level 3. HP: 14/14 MP: 4/7
  1930 | D:2      | Reached XP level 4. HP: 18/18 MP: 0/8
  3011 | D:3      | Reached XP level 5. HP: 12/21 MP: 7/9
  3302 | D:3      | Learned a level 3 spell: Confusing Touch
  3452 | D:3      | Reached skill level 5 in Unarmed Combat
  3482 | D:3      | Noticed Natasha
  3486 | D:3      | Killed Natasha
  3487 | D:3      | Reached skill level 1 in Fighting
  3534 | D:3      | Noticed Natasha
  3538 | D:3      | Killed Natasha
  3627 | D:3      | Noticed Sigmund
  3643 | D:3      | Killed Sigmund
  3644 | D:3      | Gained mutation: You are covered in thick fur. (AC +2)
                  | [Felid growth]
  3644 | D:3      | Reached XP level 6. HP: 25/28 MP: 4/10
  4633 | D:3      | Found a radiant altar of Vehumet.
  4638 | D:3      | Found an ancient bone altar of Kikubaaqudgha.
  4639 | D:3      | Found a shimmering blue altar of Sif Muna.
  4642 | D:3      | Identified Sif Muna's Catalogue of Translocation
  4787 | D:3      | Noticed Natasha
  4795 | D:3      | Killed Natasha
  5199 | D:4      | Reached skill level 5 in Fighting
  5246 | D:4      | Reached XP level 7. HP: 24/33 MP: 1/11
  6001 | D:4      | Found a glowing golden altar of the Shining One.
  6109 | D:4      | Slain by an orc priest
  6110 | D:4      | Reached XP level 6. HP: 0/31 MP: 2/10
  6124 | D:5      | Entered Level 5 of the Dungeon
  6138 | D:5      | Found a staircase to the Ecumenical Temple.
  6148 | Temple   | Entered the Ecumenical Temple
  6172 | Temple   | Became a worshipper of Uskayaw the Reveller
  6270 | D:5      | Reached * piety under Uskayaw
  7178 | D:4      | Reached ** piety under Uskayaw
  7261 | D:5      | Reached skill level 5 in Stealth
  7261 | D:5      | Reached XP level 7. HP: 34/34 MP: 11/11
  7455 | D:5      | Found a shadowy altar of Dithmenos.
  7974 | D:5      | Reached skill level 5 in Dodging
  8142 | D:6      | Found a snail-covered altar of Cheibriados.
  8166 | D:6      | Slain by a worker ant
  8167 | D:6      | Reached XP level 6. HP: 0/31 MP: 10/10
  8224 | D:5      | Killed an orc warrior
  8371 | D:6      | Reached XP level 7. HP: 29/34 MP: 8/11
  9380 | D:6      | Found a hide-covered altar of Uskayaw.
  9384 | D:6      | Reached skill level 1 in Ice Magic
  9399 | D:5      | Reached skill level 5 in Hexes
  9772 | D:6      | Reached XP level 8. HP: 38/38 MP: 11/13
  9948 | D:7      | Found a flagged portal.
 10200 | Bailey   | Entered a bailey
 10237 | Bailey   | Reached skill level 5 in Spellcasting
 10238 | Bailey   | Reached *** piety under Uskayaw
 10246 | Bailey   | Learned a level 3 spell: Tukima's Dance
 10307 | Bailey   | Learned a level 3 spell: Dazzling Flash
 10308 | Bailey   | Found an iron altar of Okawaru.
 10308 | Bailey   | Noticed a kobold demonologist
 10308 | Bailey   | Noticed a kobold demonologist
 10334 | Bailey   | Killed a kobold demonologist
 10335 | Bailey   | Reached skill level 7 in Hexes
 10344 | Bailey   | Killed a kobold demonologist
 10344 | Bailey   | Reached **** piety under Uskayaw
 10345 | Bailey   | Reached skill level 8 in Hexes
 10345 | Bailey   | Reached XP level 9. HP: 32/41 MP: 17/17
 10349 | Bailey   | Reached ***** piety under Uskayaw
 10351 | Bailey   | Reached skill level 9 in Hexes
 10384 | Bailey   | Reached skill level 1 in Invocations
 10428 | Bailey   | Noticed an orc knight
 10653 | Bailey   | Slain by an orc knight

Illustrated notes

Levels and vault maps discovered:
D:1:      heliophobic_arrival_henge, layout_basic
D:2:      layout_rooms, minmay_tiny_reverse_x
D:3:      layout_loops_corners, grunt_temple_overflow_magic_moments,
          uniq_natasha, uniq_sigmund
D:4:      layout_basic, tso_metal_star
D:5:      layout_basic, kennysheep_mini, minmay_temple_entry_sparse_star,
          kennysheep_generic_room_7
D:6:      layout_rooms, nicolae_overflow_crystal_walls, basic_altar,
          kennysheep_generic_room_6
D:7:      layout_rooms, enter_bailey_8
Temple:   chequers_temple_sunken
Bailey:   bailey_axe_of_yendor_kennysheep, bailey

Skill      XL: |  1  2  3  4  5  6  7  8  9 |
---------------+----------------------------+-----
Unarmed Combat | 2 3 4 5 |  5.0
Fighting       | 4 6 |  6.0
Dodging        | 4 6 |  6.8
Stealth        | 7 6 |  7.8
Ice Magic      | 1 |  1.7
Hexes          | 5 8 9 |  9.3
Spellcasting   | 5 |  5.1
Invocations    | 3 |  3.0

Action                   |  1- 3 |  4- 6 |  7- 9 || total
-------------------------+-------+-------+-------++-------
Melee: Unarmed           |    74 |   138 |   174 ||   386
       Bite              |     6 |     5 |    10 ||    21
       Punch             |     1 |     4 |     2 ||     7
 Cast: Ensorcelled Hiber |    22 |    70 |    71 ||   163
       Corona            |       |     2 |       ||     2
       Confusing Touch   |       |     2 |     5 ||     7
       Dazzling Flash    |       |       |     1 ||     1
  Use: Potion            |       |       |     6 ||     6
       Scroll            |       |       |    14 ||    14
 Stab: Sleeping          |    18 |    50 |    45 ||   113
       Confused          |       |       |     5 ||     5
       Paralysed         |       |       |     5 ||     5
Armor: Skin              |     1 |     8 |     6 ||    15
Dodge: Dodged            |    55 |    99 |   148 ||   302
